 Dungeon Crawl Stone Soup version 0.28-a0-845-gfc338a8e3c (webtiles) character file.

Game seed: 7993378174008073559

1 croobank the Sneak (level 1, -1/10 HPs)
             Began as a Felid Delver on Nov 12, 2021.
             Was an Initiate of Yredelemnul.
             Slain by a hobgoblin (5 damage)
             ... on level 4 of the Dungeon.
             The game lasted 00:02:17 (131 turns).

croobank the Sneak (Felid Delver)                    Turns: 131, Time: 00:02:18

Health: -1/10      AC:  1    Str:  8    XL:     1   Next: 16%
Magic:  2/2        EV: 17    Int: 11    God:    Yredelemnul [......]
Gold:   19         SH:  0    Dex: 17    Spells: 0/0 levels left
                                        Lives:  0   Deaths: 0

rFire   . . .      SeeInvis +     - Unarmed
rCold   . . .      Faith    .   (shield unavailable)
rNeg    . . .      Spirit   .   (armour unavailable)
rPois   .          Reflect  .   (helmet unavailable)
rElec   .          Harm     .   (cloak unavailable)
rCorr   .          Rampage  .   (gloves unavailable)
Will    .....                   (boots unavailable)
Stlth   ++++......              (no amulet)
HPRegen 0.03/turn               (no ring)
MPRegen 0.08/turn               (no ring)

@: quick
A: very small, claws 1, fangs 3, see invisible, speed 1, shaggy fur 1, stealthy
paws, no weapons or thrown items, no armour, multi-lived
a: Renounce Religion


You were on level 4 of the Dungeon.
You worshipped Yredelemnul.
Yredelemnul was noncommittal.
You visited 1 branch of the dungeon, and saw 2 of its levels.

You collected 19 gold pieces.

Inventory:

Wands
 e - a wand of digging (3)
Scrolls
 a - a scroll of fog
 b - a scroll of magic mapping
 g - a scroll of enchant armour {unknown}
Potions
 d - a potion of haste
 f - a potion of mutation {unknown}


   Skills:
 + Level 3.0 Fighting
 + Level 2.6 Dodging
 + Level 6.7 Stealth
 + Level 2.0 Unarmed Combat


You couldn't memorise any spells.
You didn't know any spells.
Your spell library was empty.

Dungeon Overview and Level Annotations

Branches:
Dungeon (5/15)
 Temple: D:4-7

Altars:
Yredelemnul


Innate Abilities, Weirdness & Mutations

You have sharp claws.
You have razor-sharp teeth.
You have supernaturally acute eyesight. (SInv)
You cover ground quickly. (Speed+)
You are covered in fur. (AC +1)
Your paws help you pounce on unaware monsters.
You are incapable of wielding weapons or throwing items.
You cannot wear armour.
You gain extra lives every three experience levels.


Message History

There is a basalt altar of Yredelemnul here.
You sit before the altar of Yredelemnul.
Yredelemnul welcomes you!
Found 16 bolts.
You see here 16 bolts.
Found a scroll labelled COCAKAB AMOY.
A kobold and 2 orcs come into view.
The orc shouts! x2; You hear a shout!
You see here a scroll labelled COCAKAB AMOY.
g - a scroll labelled COCAKAB AMOY The kobold throws a stone.
The stone closely misses you.
The orc shouts!
An orc comes into view. It is wielding a +3 dagger.
A hound comes into view.
Found a stone staircase leading down.
The hound barks!
As you read the scroll of fear, it crumbles to dust.
You assume a fearsome visage.
The orc looks frightened!
The hound looks frightened!
A kobold comes into view. It is wielding a +0 short sword.
Found 5 gold pieces.
A hobgoblin comes into view.
The hobgoblin shouts!
You see here 5 gold pieces.
You see here 5 gold pieces.
You now have 19 gold pieces (gained 5).
The hobgoblin misses you.
You barely miss the hobgoblin. The hobgoblin hits you.
You closely miss the hobgoblin. You claw the hobgoblin.
The hobgoblin is heavily wounded.
The hobgoblin hits you.
You scratch the hobgoblin but do no damage.
The hobgoblin is heavily wounded.
The hobgoblin hits you.
You scratch the hobgoblin but do no damage.
The hobgoblin is heavily wounded.
The hobgoblin hits you.
Ouch! That really hurt!
You die...
Your body rises from the dead as a mindless zombie.

### #.. #.#
.# #.#
########.#
#.#
#....o.#.#
#.#
#o####.#.#
#g# #o#
#.#.# #@#
#.# #o#.#
#.# #.#
##.... ##.#
#.###....#
#..#
###.........
#o##
#...........
#.#
#o#...#.#.#.
#.#
#.#.#.#.#.#.
#.#
#.#.#.#...#.
#.#
#.#.#.#..##.


You could see an orc and a hobgoblin.

Vanquished Creatures
  An endoplasm (D:4)
1 creature vanquished.

Notes
Turn   | Place    | Note
-------+----------+-------------------------------------------
     0 | D:5      | croobank the Felid Delver began the quest for the Orb.
     0 | D:5      | Reached XP level 1. HP: 10/10 MP: 2/2
    41 | D:4      | Found a basalt altar of Yredelemnul.
    54 | D:4      | Became a worshipper of Yredelemnul the Dark
   103 | D:4      | Noticed a hound
   131 | D:4      | Slain by a hobgoblin

Illustrated notes

Levels and vault maps discovered:
D:4:      layout_loops_ring, mainiacjoe_overflow_small_starburst, serial_shops,
          nicolae_stop_n_shop_2, kennysheep_generic_room_9
D:5:      layout_loops_ring, mainiacjoe_overflow_24_doors,
          general_overflow_altar, minmay_shop_grid_forest, uniq_pikel

Action                   || total
-------------------------++-------
Melee: Unarmed           ||     5
       Punch             ||     1
  Use: Scroll            ||     1
 Stab: Sleeping          ||     1
Dodge: Dodged            ||     2

Table legend: (Time is in decaauts)
 A = Elapsed time spent in this place.
 B = Non-inter-level travel time spent in this place.
 C = Inter-level travel time spent in this place.
 D = Time resting spent in this place.
 E = Time spent auto-exploring this place.
 F = Levels seen in this place.
 G = Mean time per level.
                   A        B        C        D        E       F      G
               +--------+--------+--------+--------+--------+-----+--------+
         Total |    106 |    106 |      0 |      0 |     18 |   2 |   53.0 |
       Dungeon |    106 |    106 |      0 |      0 |     18 |   2 |   53.0 |
               +--------+--------+--------+--------+--------+-----+--------+

Top non-repeatable levels by time:
     D:4: 91 daAuts
     D:5: 15 daAuts
